 Dungeon Crawl Stone Soup version 0.27-a0-1217-g8a41f320e8 (webtiles) character file.

Game seed: 557849417279721269

47 hatdisgam the Chopper (level 3, -2/31 HPs)
             Began as a Hill Orc Fighter on June 5, 2021.
             Slain by a scorpion (8 damage)
             ... on level 3 of the Dungeon.
             The game lasted 00:02:11 (2153 turns).

hatdisgam the Chopper (Hill Orc Fighter)            Turns: 2153, Time: 00:02:12

Health: -2/31      AC:  9    Str: 18    XL:     3   Next: 70%
Magic:  3/3        EV:  5    Int:  9    God:
Gold:   49         SH:  9    Dex: 10    Spells: 2/2 levels left

rFire    . . .     SeeInvis .   a - +0 war axe
rCold    . . .     Faith    .   c - +0 kite shield
rNeg     . . .     Spirit   .   j - +0 chain mail
rPois    .         Reflect  .   (no helmet)
rElec    .         Harm     .   (no cloak)
rCorr    .         Rampage  .   (no gloves)
Will     .....                  (no boots)
Stlth    ..........             (no amulet)
HPRegen  0.10/turn              (no ring)
MPRegen  0.08/turn              (no ring)

@: mighty, lethally poisoned (-2 -> -3)
A: no striking features
a: no special abilities


You were on level 3 of the Dungeon.
You visited 1 branch of the dungeon, and saw 3 of its levels.

You collected 49 gold pieces.

Inventory:

Hand Weapons
 a - a +0 war axe (weapon)
 i - a +1 rapier of speed
 k - a +0 long sword
Armour
 b - a +0 scale mail
 c - a +0 kite shield (worn)
 j - a +0 chain mail (worn)
Jewellery
 h - a ring of fire
Scrolls
 g - 3 scrolls of identify {unknown}
 l - 3 scrolls of fear {unknown}
 m - a scroll of magic mapping {unknown}
Potions
 d - a potion of might
 e - 3 potions of curing {unknown}
 f - 3 potions of lignification {unknown}


   Skills:
 - Level 3.6 Fighting
 * Level 0.9 Short Blades
 - Level 3.9 Axes
 - Level 3.2 Armour
 + Level 1.0 Dodging
 + Level 3.8 Shields


You had 2 spell levels left.
You didn't know any spells.
Your spell library contained the following spells:

 Spells                   Type           Power      Damage    Failure   Level
 Animate Skeleton         Necr           0%         N/A       100%        1
 Apportation              Tloc           0%         N/A       100%        1
 Corona                   Hex            0%         N/A       100%        1
 Freeze                   Ice            0%         1d3       100%        1
 Magic Dart               Conj           0%         1d3       100%        1
 Summon Small Mammal      Summ           0%         N/A       100%        1
 Ensorcelled Hibernation  Hex/Ice        0%         N/A       100%        2
 Searing Ray              Conj           0%         3d3       100%        2
 Confusing Touch          Hex            0%         N/A       100%        3
 Dazzling Flash           Conj/Hex       0%         N/A       100%        3
 Frozen Ramparts          Ice            0%         1d2       100%        3
 Ozocubu's Armour         Ice            0%         N/A       100%        3
 Tukima's Dance           Hex            0%         N/A       100%        3
 Fulminant Prism          Conj/Hex       0%         3d6       100%        4
 Hailstorm                Conj/Ice       0%         3d3       100%        4
 Iskenderun's Mystic Bla  Conj/Tloc      0%         2d3       100%        4
 Metabolic Englaciation   Hex/Ice        0%         N/A       100%        5


Dungeon Overview and Level Annotations

Branches:
Dungeon (3/15)

Altars:


Message History

No target in view!
No target in view!
There is a stone staircase leading up here.
e - 3 yellow potions (gained 1)
A scorpion comes into view.
A scorpion is nearby!
A scorpion is nearby!
A scorpion is nearby!
You hit the scorpion.
The scorpion is lightly wounded.
The scorpion stings you. The scorpion barely misses you.
Your chain mail prevents you from hitting the scorpion.
The scorpion is lightly wounded.
The scorpion stings you but does no damage.
You hit the scorpion but do no damage.
The scorpion is lightly wounded.
The scorpion stings you.
You are poisoned.
The scorpion poisons you! You block the scorpion's attack.
You closely miss the scorpion.
The scorpion is lightly wounded.
You feel very sick. The scorpion stings you! You block the scorpion's attack.
You are too injured to fight recklessly!
You are too injured to fight recklessly!
You are too injured to fight recklessly!
You are too injured to fight recklessly!
You are too injured to fight recklessly!
You are too injured to fight recklessly!
You feel very mighty all of a sudden.
You feel sick. You block the scorpion's attack.
Your shield prevents you from hitting the scorpion.
The scorpion is lightly wounded.
You feel sick. The scorpion stings you.
* * * LOW HITPOINT WARNING * * *
You block the scorpion's attack.
You slash the scorpion!
The scorpion is almost dead.
You feel sick. The scorpion stings you!
You die...

#....# #....#
#####....#
.........#
######...####
#......#
###......#
#........#
.....#.@....#
..####.s....#
. #......#
###..### #...
.... #...#
...#


You could see a scorpion.

Vanquished Creatures
  An adder (D:2)
  A worm (D:2)
  A dart slug (D:2)
  6 endoplasms
  4 giant cockroaches
  3 hobgoblins (D:1)
  3 jackals (D:1)
  3 quokkas
  A ball python (D:1)
  3 bats
  A kobold (D:1)
  2 rats
29 creatures vanquished.

Vanquished Creatures (others)
  11 plants (D:1)
11 creatures vanquished.

Grand Total: 40 creatures vanquished

Notes
Turn   | Place    | Note
-------+----------+-------------------------------------------
     0 | D:1      | hatdisgam the Hill Orc Fighter began the quest for the Orb.
     0 | D:1      | Reached XP level 1. HP: 19/19 MP: 1/1
   300 | D:1      | Reached XP level 2. HP: 25/26 MP: 2/2
  1489 | D:2      | Reached XP level 3. HP: 17/31 MP: 3/3
  1764 | D:2      | Reached skill level 1 in Dodging
  2144 | D:3      | Noticed a scorpion
  2153 | D:3      | Slain by a scorpion

Illustrated notes

Levels and vault maps discovered:
D:1:      lightli_arrival_chessboard, layout_loops_ring, serial_forest,
          infiniplex_forest_lined_room_2, infiniplex_forest_diagonal,
          infiniplex_forest_lined_2, infiniplex_forest_end_2,
          infiniplex_forest_split, infiniplex_forest_clump_diagonal,
          infiniplex_forest_clump_double, infiniplex_forest_clump_long,
          infiniplex_forest_end_3, chequers_serial_rivers_room_a
D:2:      layout_rooms
D:3:      layout_rooms, basic_ecumenical_altar

Skill      XL: |  1  2  3 |
---------------+----------+-----
Axes           | 3 |  3.9
Dodging        | 1 |  1.0
Fighting       | |  3.6
Short Blades   | |  0.9
Armour         | |  3.2
Shields        | |  3.8

Action                   || total
-------------------------++-------
Melee: War axe           ||   108
  Use: Potion            ||     1
Armor: Scale mail        ||    32
       Chain mail        ||    16
Dodge: Dodged            ||    39
Block: Kite shield       ||    70

Table legend: (Time is in decaauts)
 A = Elapsed time spent in this place.
 B = Non-inter-level travel time spent in this place.
 C = Inter-level travel time spent in this place.
 D = Time resting spent in this place.
 E = Time spent auto-exploring this place.
 F = Levels seen in this place.
 G = Mean time per level.
                   A        B        C        D        E       F      G
               +--------+--------+--------+--------+--------+-----+--------+
         Total |   2212 |   2162 |     50 |      0 |   1880 |   3 |  737.3 |
       Dungeon |   2212 |   2162 |     50 |      0 |   1880 |   3 |  737.3 |
               +--------+--------+--------+--------+--------+-----+--------+

Top non-repeatable levels by time:
     D:1: 1427 daAuts
     D:2: 757 daAuts
     D:3: 27 daAuts
